 Dungeon Crawl Stone Soup version 0.12.2-12-gd1dd697 (webtiles) character file.

658 Haza the Sneak (level 6, -12/41 HPs)
             Began as a Vampire Air Elementalist on July 23, 2013.
             Hit by a stone thrown by a big kobold (14 damage)
             ... on Level 5 of the Dungeon.
             The game lasted 00:27:34 (10507 turns).

Haza the Sneak (Vampire Air Elementalist)          Turns: 10507, Time: 00:27:35

HP -12/41        AC  0     Str  4      XL: 6   Next: 71%
MP  10/12        EV 22     Int 17      God:
Gold 215         SH  0     Dex 19      Spells:  1 memorised,  8 levels left

Res.Fire  : . . .   See Invis. : +   q - melded staff of air
Res.Cold  : . . .   Warding    : .   a - melded +0 robe
Life Prot.: + . .   Conserve   : .   (shield currently unavailable)
Res.Poison: .       Res.Corr.  : .   (helmet currently unavailable)
Res.Elec. : .       Clarity    : .   A - melded +0 cloak
Sust.Abil.: . .     Spirit.Shd : .   (gloves currently unavailable)
Res.Mut.  : .       Stasis     : .   (boots currently unavailable)
Res.Rott. : .       Ctrl.Telep.: .   (no amulet)
Saprovore : . . .   Flight     : +   l - melded +3 ring of intelligence
                                     m - melded +5 ring of strength

@: bat-form, flying, very quick, slightly resistant to hostile enchantments,
very stealthy
A: bottle blood, (fangs 0), see invisible, (unbreathing)
a: Bottle Blood, End Transformation


You were on level 5 of the Dungeon.
You were not thirsty.
You were in vampire bat-form.
You visited 1 branch of the dungeon, and saw 5 of its levels.
You also visited: Sewer.

You collected 195 gold pieces.

Inventory:

Hand weapons
 s - a +0,+3 orcish trident of dragon slaying
 y - a +2,+3 quarterstaff of chaos
Armour
 a - a +0 robe (melded)
 A - a +0 cloak (melded)
Magical devices
 p - a wand of enslavement (7)
 v - a wand of slowing (14)
Comestibles
 f - a choko
 j - 4 meat rations
 k - 2 bread rations
 r - a sausage
 D - a pear
Scrolls
 g - 5 scrolls of remove curse
 h - 5 scrolls of identify
 i - 2 scrolls of teleportation
 u - a scroll of curse armour
 w - 2 scrolls of fog
 B - a scroll of noise {unknown}
Jewellery
 l - a +3 ring of intelligence (melded)
 m - a +5 ring of strength (melded)
Potions
 c - a potion of heal wounds
 d - 3 potions of might
 e - 6 potions of curing
 n - a potion of slowing {unknown}
 o - a potion of confusion
 t - a potion of resistance {unknown}
 x - 2 potions of flight {unknown}
 z - a potion of degeneration {unknown}
Books
 b - a book of Air

   Spells                             Type                      Level
   *Shock                             Conjuration/Air              1
   Swiftness                          Charms/Air                   2
   Repel Missiles                     Charms/Air                   2
   Flight                             Charms/Air                   3
   Static Discharge                   Conjuration/Air              3
   Lightning Bolt                     Conjuration/Air              5
 C - a book of Unlife

   Spells                             Type                      Level
   Recall                             Summoning/Translocation      3
   Animate Dead                       Necromancy                   4
   Control Undead                     Necromancy                   4
   Twisted Resurrection               Necromancy                   5
   Death Channel                      Necromancy                   6
   Simulacrum                         Ice/Necromancy               6
Magical staves
 q - an uncursed staff of air (melded)


   Skills:
 + Level 3.7 Dodging
 + Level 5.0 Stealth
 + Level 2.4 Spellcasting
 * Level 2.9 Conjurations
 + Level 4.5 Air Magic


You had 8 spell levels left.
You knew the following spells:

 Your Spells              Type           Power        Failure   Level  Hunger
a - Shock                 Conj/Air       ###..        14%         1    #......


Dungeon Overview and Level Annotations

Branches:
Dungeon (5/27)
 Temple: D:4-7

Altars:

Annotations
D:4 Pikel


Innate Abilities, Weirdness & Mutations

You can bottle blood from corpses.
((You have razor-sharp teeth.))*
You have supernaturally acute eyesight.
((You can survive without breathing.))*


Message History

The big kobold throws a stone.
The stone hits you!
You see here a stone.
The big kobold throws a stone.
The stone hits you!
The big kobold throws a stone.
The stone misses you.
The big kobold throws a stone.
The stone hits you!
The big kobold throws a stone.
The stone hits you!
You see here a stone.
The big kobold throws a stone.
The stone hits you!
Use which ability? (? or * to list)
You turn into a vampire bat.
Your uncursed staff of air melds into your body.
Your +0 cloak melds into your body.
Your +0 robe melds into your body.
Your +5 ring of strength melds into your body.
You feel weaker.
Your +3 ring of intelligence melds into your body.
You feel stupid.
The big kobold throws a stone.
The stone hits you!
* * * LOW HITPOINT WARNING * * *
The big kobold throws a stone.
The stone hits you!
You die...

#........#. . #...#
#........#.# #.# #######....
#........... ..? ............
#........#.# #.# #######.###
#####..####.##.# #.# #.# #
#...........##.# #.# #.###
#####..#######.###.# #....
#..######...##.##########....
#..(..KKK...b................
#.#.#####(((##.##########....
#.#%# #..(##.# #...........
..#(# #...##.# #...........
####># #...##.# #...........
... #...##.# #...........
#.... #.).##.# #........###
...... #...##.###..(.....###
##.....#######[..............


You could see a big kobold and 2 kobolds.

Vanquished Creatures
  4 slaves (D:4)
  An ice beast (D:5)
  A crimson imp (D:5)
  A hound (D:4)
  Crazy Yiuf (D:4)
  A gnoll shaman (D:4)
  A worker ant (D:5)
  Ijyb (D:3)
  5 adders
  3 gnolls
  An inept feature mimic (D:5)
  5 worms
  A grey rat (D:3)
  2 giant geckos (D:3)
  An ooze (D:3)
  An orc (D:3)
  4 giant cockroaches
  9 hobgoblins
  A quokka (D:5)
  8 bats
  8 giant newts
  10 goblins
  7 jackals
  6 kobolds
  An orc skeleton (D:4)
  9 rats
93 creatures vanquished.

Vanquished Creatures (others)
  A giant newt (D:4)
  A rat (D:4)
2 creatures vanquished.

Grand Total: 95 creatures vanquished

Notes
Turn   | Place    | Note
--------------------------------------------------------------
     0 | D:1      | Haza, the Vampire Air Elementalist, began the quest for the Orb.
     0 | D:1      | Reached XP level 1. HP: 13/13 MP: 4/4
   542 | D:1      | Reached XP level 2. HP: 2/19 MP: 1/5
  1454 | D:2      | Reached skill level 1 in Conjurations
  2203 | D:3      | Reached XP level 3. HP: 24/24 MP: 6/6
  3109 | D:3      | Noticed Ijyb
  3121 | D:3      | Killed Ijyb
  3121 | D:3      | Reached XP level 4. HP: 23/30 MP: 0/8
  3922 | D:3      | Found a glowing drain.
  3926 | Sewer    | Entered a sewer
  4365 | Sewer    | Noticed Purgy
  4517 | Sewer    | Reached skill level 4 in Air Magic
  4648 | Sewer    | HP: 1/30 [big fish (5)]
  6044 | D:4      | Reached XP level 5. HP: 33/35 MP: 7/10
  6103 | D:4      | Got a smoking chain mail
  6114 | D:4      | Identified the cursed -5 chain mail of Duck's Teeth {+Inv Int+3} (You found it on level 4 of the Dungeon)
  6332 | D:4      | Noticed Crazy Yiuf
  6337 | D:4      | Killed Crazy Yiuf
  6698 | D:4      | Noticed a slave
  6700 | D:4      | Noticed a slave
  6718 | D:4      | Killed a slave
  7090 | D:4      | Killed a slave
  7694 | D:4      | Noticed a slave
  7697 | D:4      | Noticed Pikel
  7698 | D:4      | Noticed a slave
  7711 | D:4      | Killed a slave
  7859 | D:4      | Killed a slave
  9483 | D:5      | Entered Level 5 of the Dungeon
  9660 | D:5      | Reached XP level 6. HP: 41/41 MP: 12/12
  9759 | D:5      | Noticed an ice beast
  9774 | D:5      | Killed an ice beast
 10369 | D:5      | Reached skill level 5 in Stealth
 10506 | D:5      | HP: 2/41 [big kobold/ stone (11)]
 10507 | D:5      | Hit by a stone thrown by a big kobold

Action                   |  1- 3 |  4- 6 || total
-------------------------+-------+-------++-------
Melee: Mace              |     6 |       ||     6
       Staff             |     3 |    15 ||    18
       Unarmed           |       |     1 ||     1
 Cast: Shock             |    76 |   211 ||   287
 Abil: Bat Form          |       |    11 ||    11
       End Transformatio |       |    10 ||    10
Evoke: Wand              |     2 |     1 ||     3
  Use: Potion            |     5 |     1 ||     6
       Scroll            |     4 |     9 ||    13
